cohdb
Replays
Latest Replays
All Replays
Popular Replays
Top Player Replays
Match Explorer
How It Works
Community
CoH3 Stats
Reddit
Sign in to upload your games and track your stats! →
Sign in with Steam
Match 40922312
Unlisted
Match 40922312
Overview
Messages
Build Orders
End
Vickers Machine Gun Team
Construct Section Command Post
Dingo Light Scout Car
Infantry Section
Infantry Section
Infantry Section
Construct Platoon Command Post
Infantry Training
6-pounder Anti-tank Gun Team
CMP 15cwt Truck
Selects Air and Sea Battlegroup
Selects Supply Surplus
Construct Resource Cache
Construct Resource Cache
Construct Company Command Post
ARF Le Gendarme
Fhilly
Konrad Curze
CPU - Easy
Dr. Anubis
YangXYZ
WoW
Skorzeny
0
0
Comments
sign in to comment!
No comments posted yet!